 Dungeon Crawl Stone Soup version 0.29-a0-813-g4a14ea37d6 (webtiles) character file.

Game seed: 8908878029746762488

84 DuloT34 the Chopper (level 4, 0/42 HPs)
             Began as a Hill Orc Monk on July 4, 2022.
             Slain by Natasha (7 damage)
             ... on level 2 of the Dungeon.
             The game lasted 00:02:20 (1181 turns).

DuloT34 the Chopper (Hill Orc Monk)                 Turns: 1181, Time: 00:02:21

Health: 0/42       AC:  2    Str: 15    XL:     4   Next: 45%
Magic:  4/4        EV: 12    Int: 10    God:
Gold:   62         SH:  0    Dex: 13    Spells: 3/3 levels left

rFire   . . .      SeeInvis .   a - +0 hand axe
rCold   . . .      Faith    .   (no shield)
rNeg    . . .      Spirit   .   b - +0 robe
rPois   .          Reflect  .   (no helmet)
rElec   .          Harm     .   (no cloak)
rCorr   .          Rampage  .   (no gloves)
Will    .....                   (no boots)
Stlth   ++........              (no amulet)
HPRegen 0.14/turn               (no ring)
MPRegen 0.09/turn               (no ring)

@: slowed, very slow
A: no striking features
a: no special abilities


You were on level 2 of the Dungeon.
You visited 1 branch of the dungeon, and saw 2 of its levels.

You collected 62 gold pieces.

Inventory:

Hand Weapons
 a - a +0 hand axe (weapon)
Armour
 b - a +0 robe (worn)
Scrolls
 d - 3 scrolls of identify
 f - 2 scrolls of blinking
 i - a scroll of amnesia
Potions
 c - a potion of ambrosia
 e - a potion of attraction {unknown}
 g - a potion of curing
 h - a potion of lignification {unknown}
 j - a potion of haste {unknown}


   Skills:
 + Level 5.0 Fighting
 + Level 5.5 Axes
 - Level 2.4 Dodging
 - Level 1.5 Stealth


You had 3 spell levels left.
You didn't know any spells.
Your spell library contained the following spells:

 Spells                   Type           Power      Damage    Failure   Level
 Fireball                 Conj/Fire      0%         3d3       100%        5
 Starburst                Conj/Fire      0%         6d3       100%        6
 Ignition                 Fire           0%         3d3       100%        8


Dungeon Overview and Level Annotations

Branches:
Dungeon (2/15)

Altars:
Xom

Annotations:
D:2 Natasha


Message History

Natasha claws you!
* * * LOW HITPOINT WARNING * * *
Natasha barely misses you.
You feel better. Natasha claws you but does no damage.
You completely miss Natasha.
Natasha is heavily wounded.
Natasha casts a spell at you.
You feel as though you will be slow longer.
Natasha casts a spell.
You hit Natasha but do no damage.
Natasha is heavily wounded.
Natasha claws you.
* * * LOW HITPOINT WARNING * * *
You hit Natasha but do no damage.
Natasha is heavily wounded.
Natasha closely misses you. The crimson imp puffs mist at you.
Natasha barely misses you.
You barely miss Natasha.
Natasha is heavily wounded.
Natasha casts a spell at you.
You feel as though you will be slow longer.
The crimson imp blinks!
You closely miss Natasha.
Natasha is heavily wounded.
Natasha completely misses you.
Natasha casts a spell.
You hit Natasha.
Natasha is severely wounded.
Natasha closely misses you.
You hit Natasha but do no damage.
Natasha is severely wounded.
Natasha claws you.
* * * LOW HITPOINT WARNING * * *
Natasha claws you.
* * * LOW HITPOINT WARNING * * *
You hit Natasha but do no damage.
Natasha is severely wounded.
Natasha claws you!
You die...

....#..........
.........##...#
.............## #
#............
..#............
.........##.5.##
......÷.....5K.#
#...####h# ##....##@#
###.#..#.# #...##.#†#
##.####.#.####.# #..#
#........#
########.######...########
...............#..........
..#.##########............
....##### ###.#........


You could see Natasha, a crimson imp (summoned), a white imp (summoned) and a
kobold.

Vanquished Creatures
  Natasha (twice) (D:2)
  An adder (D:2)
  A dart slug (D:1)
  2 ball pythons (D:1)
  4 bats (D:1)
  2 endoplasms
  A goblin (D:1)
  A hobgoblin (D:1)
  4 jackals (D:1)
  A kobold (D:1)
  2 frilled lizards (D:1)
  2 rats (D:1)
23 creatures vanquished.

Notes
Turn   | Place    | Note
-------+----------+-------------------------------------------
     0 | D:1      | DuloT34 the Hill Orc Monk began the quest for the Orb.
     0 | D:1      | Reached XP level 1. HP: 19/19 MP: 1/1
   176 | D:1      | Reached XP level 2. HP: 15/27 MP: 2/2
   747 | D:1      | Reached XP level 3. HP: 34/34 MP: 3/3
   827 | D:2      | Found a shimmering altar of Xom.
   935 | D:2      | Noticed Natasha
   953 | D:2      | Killed Natasha
   954 | D:2      | Reached skill level 5 in Axes
   954 | D:2      | Reached XP level 4. HP: 20/41 MP: 4/4
  1110 | D:2      | Noticed Natasha
  1120 | D:2      | Killed Natasha
  1121 | D:2      | Reached skill level 5 in Fighting
  1153 | D:2      | Noticed Natasha
  1172 | D:2      | HP: 1/42 [Natasha (8)]
  1181 | D:2      | Slain by Natasha

Illustrated notes

Levels and vault maps discovered:
D:1:      dpeg_arrival_shrine, layout_loops_ring
D:2:      layout_rooms, basic_altar, minmay_misc_feat_ornament, uniq_natasha

Skill      XL: |  1  2  3  4 |
---------------+-------------+-----
Fighting       | 4 5 |  5.0
Axes           | 5 |  5.5
Dodging        | |  2.4
Stealth        | |  1.5

Action                   |  1- 3 |  4- 6 || total
-------------------------+-------+-------++-------
Melee: Hand axe          |    67 |    29 ||    96
       Punch             |     1 |       ||     1
  Use: Scroll            |     3 |       ||     3
       Potion            |     1 |     2 ||     3
 Stab: Sleeping          |     5 |       ||     5
Armor: Robe              |    17 |     2 ||    19
Dodge: Dodged            |    52 |    19 ||    71

Table legend: (Time is in decaauts)
 A = Elapsed time spent in this place.
 B = Non-inter-level travel time spent in this place.
 C = Inter-level travel time spent in this place.
 D = Time resting spent in this place.
 E = Time spent auto-exploring this place.
 F = Levels seen in this place.
 G = Mean time per level.
                   A        B        C        D        E       F      G
               +--------+--------+--------+--------+--------+-----+--------+
         Total |   1191 |   1164 |     27 |    153 |    796 |   2 |  595.5 |
       Dungeon |   1191 |   1164 |     27 |    153 |    796 |   2 |  595.5 |
               +--------+--------+--------+--------+--------+-----+--------+

Top non-repeatable levels by time:
     D:1: 831 daAuts
     D:2: 360 daAuts
